 Dungeon Crawl Stone Soup version 0.29-a0-371-g91724d5b39 (webtiles) character file.

Game seed: 17154079376526910321

130 zishaf the Sneak (level 5, 0/27 HPs)
             Began as a Vine Stalker Brigand on May 2, 2022.
             Succumbed to Crazy Yiuf's poison
             ... on level 2 of the Dungeon.
             The game lasted 00:02:52 (1683 turns).

zishaf the Sneak (Vine Stalker Brigand)             Turns: 1683, Time: 00:02:53

Health: 0/27       AC:  8    Str: 12 (14) XL:     5   Next: 14%
Magic:  6/6        EV: 10    Int:  9 (11) God:
Gold:   32         SH:  0    Dex: 16 (17) Spells: 4/4 levels left

rFire   . . .      SeeInvis +   l - +0 dagger (venom)
rCold   . . .      Faith    .   (no shield)
rNeg    . . .      Spirit   +   f - +0 ring mail
rPois   .          Reflect  .   p - +0 helmet
rElec   .          Harm     .   c - +0 cloak
rCorr   .          Rampage  .   (no gloves)
Will    .....                   m - +0 pair of boots
Stlth   +++.......              o - amulet of magic regeneration
HPRegen 0.89/turn               j - ring of see invisible
MPRegen 0.50/turn               (no ring)

@: lethally poisoned (0 -> -10)
A: fangs 2, regeneration 1, magic shield, antimagic bite, no potion heal 2
a: no special abilities


You were on level 2 of the Dungeon.
You visited 1 branch of the dungeon, and saw 2 of its levels.

You collected 32 gold pieces.

Inventory:

Hand Weapons
 a - a +2 dagger
 l - a +0 dagger of venom (weapon)
Missiles
 d - 9 poisoned darts (quivered)
 e - 3 curare-tipped darts
Armour
 b - a +0 robe
 c - a +0 cloak (worn)
 f - a +0 ring mail (worn)
 m - a +0 pair of boots (worn)
 p - a +0 helmet (worn)
Jewellery
 j - a ring of see invisible (left hand)
 o - an amulet of magic regeneration (around neck)
Scrolls
 h - 2 scrolls of noise {unknown}
 n - 2 scrolls of identify {unknown}
Potions
 g - 2 potions of degeneration
 i - a potion of magic {unknown}
 k - 2 potions of curing {unknown}
 q - a potion of might {unknown}


   Skills:
 + Level 2.7 Fighting
 + Level 2.7 Short Blades
 + Level 2.7 Throwing
 - Level 0.7 Dodging
 + Level 5.7 Stealth


You had 4 spell levels left.
You didn't know any spells.
Your spell library contained the following spells:

 Spells                   Type           Power      Damage    Failure   Level
 Magic Dart               Conj           0%         1d3       67%         1
 Call Imp                 Summ           0%         N/A       80%         2
 Corpse Rot               Necr/Air       0%         N/A       80%         2
 Poisonous Vapours        Pois/Air       0%         N/A       80%         2
 Mephitic Cloud           Conj/Pois/Air  0%         N/A       95%         3


Dungeon Overview and Level Annotations

Branches:
Dungeon (2/15)

Altars:

Shops:
D:1 *

Annotations:
D:2 Crazy Yiuf


Innate Abilities, Weirdness & Mutations

You have extremely sharp teeth.
Your natural rate of healing is unusually fast.
When hurt, damage is shared between your health and your magic reserves.
Your bite disrupts and absorbs the magic of your enemies.
Potions cannot restore your health.


Message History

You hit the worm. You bite the worm. You drain its power.
You feel invigorated.
The worm is severely wounded.
The worm barely misses you.
You barely miss the worm.
The worm is severely wounded.
The worm misses you.
You hit the worm.
The worm looks as sick as possible!
You bite the worm.
You kill the worm!
No target in view!
You open the door.
There is an open door here.
Crazy Yiuf shouts!
No reachable target in view!
You open the door. You hit Crazy Yiuf but do no damage.
Crazy Yiuf is poisoned.
Your bite misses Crazy Yiuf.
Crazy Yiuf hits you with a +2 quarterstaff of chaos.
You are poisoned.
You hit Crazy Yiuf but do no damage.
Crazy Yiuf looks as sick as possible!
Crazy Yiuf is lightly wounded.
You feel sick.
Crazy Yiuf hits you with a +2 quarterstaff of chaos!
Crazy Yiuf burns you.
You are too injured to fight recklessly!
You are too injured to fight recklessly!
Crazy Yiuf attacks as you move away!
Crazy Yiuf hits you with a +2 quarterstaff of chaos.
You are more poisoned.
* * * LOW HITPOINT WARNING * * *
You feel very sick. Crazy Yiuf attacks as you move away!
Crazy Yiuf hits you with a +2 quarterstaff of chaos.
* * * LOW HITPOINT WARNING * * *
You are more poisoned.
* * * LOW HITPOINT WARNING * * *
You feel very sick.
It was a potion of degeneration.
There was something very wrong with that liquid.
You feel weakened.
You feel dopey.
You feel clumsy.
You die...

..........#
###########
#####
##########
#)..#
#..).....#
#...#
##........#
...
#.........#
#'#
#.........#
♣.♣♣
........>.#
♣♣g♣
.......####
♣@♣♣
..#....###
♣♣.♣
..#......#
♣♣.♣♣
......##.#
♣♣.P.♣
.......#.#
♣PPP.♣
.......#.#
#....#
#....#.#.###
#+..+#
#....#.#.#.#
#....#
#....#.#.#.#
##.#.#


You could see Crazy Yiuf (extremely poisoned).

Vanquished Creatures
  Jessica (D:2)
  Robin (D:2)
  2 adders (D:2)
  3 worms (D:2)
  6 endoplasms
  2 giant cockroaches (D:2)
  14 goblins
  9 hobgoblins
  6 quokkas
  4 ball pythons
  3 bats (D:1)
  4 frilled lizards
  A kobold (D:1)
  6 rats
62 creatures vanquished.

Notes
Turn   | Place    | Note
-------+----------+-------------------------------------------
     0 | D:1      | zishaf the Vine Stalker Brigand began the quest for the
                  | Orb.
     0 | D:1      | Reached XP level 1. HP: 11/11 MP: 2/2
    30 | D:1      | Found Verean's General Store.
   140 | D:1      | Reached skill level 5 in Stealth
   140 | D:1      | Reached XP level 2. HP: 15/15 MP: 3/3
   540 | D:1      | Reached XP level 3. HP: 18/18 MP: 4/4
   964 | D:2      | Noticed Jessica
   973 | D:2      | Killed Jessica
   974 | D:2      | Gained mutation: Your natural rate of healing is unusually
                  | fast. [Vine Stalker growth]
   974 | D:2      | Reached XP level 4. HP: 21/23 MP: 2/5
  1200 | D:2      | Found a runed translucent door.
  1201 | D:2      | Noticed Crazy Yiuf
  1309 | D:2      | Noticed Robin
  1355 | D:2      | Reached XP level 5. HP: 20/27 MP: 6/6
  1362 | D:2      | Killed Robin
  1683 | D:2      | Succumbed to Crazy Yiuf's poison

Illustrated notes

Levels and vault maps discovered:
D:1:      dpeg_arrival_ratfight, layout_basic, serial_shops, shop
D:2:      layout_basic, st_stairs_2, kennysheep_doodads, grunt_ministairs_10,
          uniq_jessica, uniq_robin, uniq_crazy_yiuf_cottage

Skill      XL: |  1  2 |
---------------+-------+-----
Stealth        | 5 |  5.7
Fighting       | 2 |  2.7
Short Blades   | 2 |  2.7
Throwing       | 2 |  2.7
Dodging        | |  0.7

Action                   |  1- 3 |  4- 6 || total
-------------------------+-------+-------++-------
Melee: Dagger            |    93 |    77 ||   170
       Bite              |    30 |    18 ||    48
  Use: Potion            |       |     1 ||     1
 Stab: Sleeping          |     4 |     4 ||     8
Armor: Ring mail         |    33 |    33 ||    66
Dodge: Dodged            |    34 |    46 ||    80

Table legend: (Time is in decaauts)
 A = Elapsed time spent in this place.
 B = Non-inter-level travel time spent in this place.
 C = Inter-level travel time spent in this place.
 D = Time resting spent in this place.
 E = Time spent auto-exploring this place.
 F = Levels seen in this place.
 G = Mean time per level.
                   A        B        C        D        E       F      G
               +--------+--------+--------+--------+--------+-----+--------+
         Total |   1662 |   1642 |     20 |      0 |   1262 |   2 |  831.0 |
       Dungeon |   1662 |   1642 |     20 |      0 |   1262 |   2 |  831.0 |
               +--------+--------+--------+--------+--------+-----+--------+

Top non-repeatable levels by time:
     D:2: 853 daAuts
     D:1: 809 daAuts
